 Dungeon Crawl Stone Soup version 0.30-a0-354-g6b83867211 (webtiles) character file.

Game seed: 15379589122162863178

45 koil the Sneak (level 3, -3/17 HPs)
             Began as a Spriggan Enchanter on Nov 8, 2022.
             Killed from afar by Natasha (7 damage)
             ... with a magic dart
             ... on level 2 of the Dungeon.
             The game lasted 00:01:55 (871 turns).

koil the Sneak (Spriggan Enchanter)                  Turns: 871, Time: 00:01:56

Health: -3/17      AC:  2    Str:  4    XL:     3   Next: 42%
Magic:  6/8        EV: 17    Int: 18    God:
Gold:   61         SH:  0    Dex: 15    Spells: 5/8 levels left

rFire   . . .      SeeInvis +    a - +1 dagger
rCold   . . .      Faith    .    (no shield)
rNeg    . . .      Spirit   .    b - +0 robe
rPois   .          Reflect  .    (helmet restricted)
rElec   .          Harm     .    (no cloak)
rCorr   .          Rampage  .    (gloves unavailable)
Will    .....                    (boots unavailable)
Stlth   +++.......               (no amulet)
HPRegen 0.22/turn                (no ring)
MPRegen 0.11/turn                (no ring)

@: very slightly contaminated, very quick
A: very small, no large weapons, unfitting armour, see invisible, speed 3
a: no special abilities


You were on level 2 of the Dungeon.
You visited 1 branch of the dungeon, and saw 2 of its levels.

You collected 61 gold pieces.

Inventory:

Hand Weapons
 a - a +1 dagger (weapon)
Armour
 b - a +0 robe (worn)
Wands
 m - a wand of flame (13)
Scrolls
 d - a scroll of teleportation {unknown}
 i - 2 scrolls of blinking {unknown}
 j - a scroll of amnesia {unknown}
 k - a scroll of torment {unknown}
 l - a scroll of poison {unknown}
Potions
 c - 2 potions of invisibility
 e - a potion of curing {unknown}
 f - a potion of heal wounds {unknown}
 g - a potion of mutation {unknown}
 h - a potion of flight {unknown}


   Skills:
 + Level 0.7 Fighting
 + Level 1.6 Short Blades
 + Level 3.2 Dodging
 + Level 4.9 Stealth
 + Level 3.0 Spellcasting
 + Level 0.3 Conjurations
 + Level 3.9 Hexes


You had 5 spell levels left.
You knew the following spells:

 Your Spells              Type           Power      Damage    Failure   Level
a - Ensorcelled Hibernat  Hex/Ice        18%        N/A       11%         2
b - Magic Dart            Conj           16%        1d3       14%         1

Your spell library contained the following spells:

 Spells                   Type           Power      Damage    Failure   Level
 Confusing Touch          Hex            17%        N/A       10%         3
 Tukima's Dance           Hex            17%        N/A       10%         3
 Dazzling Flash           Conj/Hex       20%        N/A       21%         3
 Summon Guardian Golem    Hex/Summ       9%         N/A       22%         3
 Call Imp                 Summ           2%         N/A       24%         2
 Mephitic Cloud           Conj/Pois/Air  3%         N/A       43%         3
 Orb of Destruction       Conj           2%         9d5       100%        7
 Spellforged Servitor     Conj/Summ      1%         N/A       100%        7


Dungeon Overview and Level Annotations

Branches:
Dungeon (2/15)

Altars:

Annotations:
D:2 Natasha


Innate Abilities, Weirdness & Mutations

You are very small and have problems with some larger weapons.
You are too small for most types of armour.
You have supernaturally acute eyesight. (SInv)
You cover ground extremely quickly. (Speed+++)


Message History

Increase (S)trength, (I)ntelligence, or (D)exterity?
You feel clever. x2
m - a wand of flame (13) No target in view!
No target in view!
You now have 61 gold pieces (gained 8).
An adder comes into view.
The helpless adder fails to defend itself.
You impale the adder!!
You kill the adder!
No target in view!
Found a stone staircase leading up.
Natasha, Servant of Life and Death comes into view.
Natasha mumbles some strange words.
You hit the crimson imp but do no damage.
The crimson imp closely misses you.
You barely miss Natasha. The crimson imp closely misses you. Natasha claws you.
You hit Natasha.
Natasha is lightly wounded.
The crimson imp hits you. Natasha misses you.
You hit Natasha but do no damage.
Natasha is lightly wounded.
The crimson imp shouts, "Slither away, thou vain elf-skinned gnoll-tail!"
The crimson imp misses you. Natasha closely misses you.
You hit Natasha.
Natasha is moderately wounded.
The crimson imp misses you. Natasha claws you!
Ouch! That really hurt!
* * * LOW HITPOINT WARNING * * *
You are too injured to fight recklessly!
Cast which spell? (? or * to list)
Aiming: Ensorcelled Hibernation (safe; 11% risk of failure)
Press: ? - help, Shift-Dir - straight line, f - Natasha
Aim: Natasha (moderately wounded, chance to affect: 43%)
You miscast Ensorcelled Hibernation.
You are very lightly contaminated with residual magic.
Nothing appears to happen.
The crimson imp misses you. Natasha casts a spell at you.
The magic dart hits you!
You die...

..........###
............# .#
..........#.# .#
##.#.#.#.##.# .#
##.#.#.#.##.######.### .
##.#.#...##..........#..
##.#.#......#...........
..........#.#...........
................@h....#.
.................5....#
##.#..#..##.#.....#...#
.............<..........
# .# .##.#..#.########..
#..# # ...#.# . #..#.
... #. ..... .....


You could see Natasha and a crimson imp (summoned).

Vanquished Creatures
  3 adders (D:2)
  A dart slug (D:1)
  2 giant cockroaches (D:1)
  A hobgoblin (D:1)
  4 kobolds
  A ball python (D:1)
  4 bats (D:1)
  A frilled lizard (D:1)
  2 rats
19 creatures vanquished.

Notes
Turn   | Place    | Note
-------+----------+-------------------------------------------
     0 | D:1      | koil the Spriggan Enchanter began the quest for the Orb.
     0 | D:1      | Reached XP level 1. HP: 9/9 MP: 5/5
   226 | D:1      | Reached XP level 2. HP: 11/13 MP: 6/6
   265 | D:1      | Learned a level 2 spell: Ensorcelled Hibernation
   267 | D:1      | Learned a level 1 spell: Magic Dart
   805 | D:2      | Reached XP level 3. HP: 17/17 MP: 8/8
   861 | D:2      | Noticed Natasha
   871 | D:2      | Killed from afar by Natasha

Illustrated notes

Levels and vault maps discovered:
D:1:      matt_arrival_spirals, layout_basic
D:2:      cheibrodos_old_hovel, layout_basic, uniq_sigmund, uniq_natasha

Skill      XL: |  1  2 |
---------------+-------+-----
Dodging        | 3 |  3.2
Spellcasting   | 3 |  3.0
Fighting       | |  0.7
Short Blades   | |  1.6
Stealth        | |  4.9
Conjurations   | |  0.3
Hexes          | |  3.9

Action                   || total
-------------------------++-------
Melee: Dagger            ||    69
       Punch             ||     1
 Stab: Sleeping          ||     8
Armor: Robe              ||     6
Dodge: Dodged            ||    39

Table legend: (Time is in decaauts)
 A = Elapsed time spent in this place.
 B = Non-inter-level travel time spent in this place.
 C = Inter-level travel time spent in this place.
 D = Time resting spent in this place.
 E = Time spent auto-exploring this place.
 F = Levels seen in this place.
 G = Mean time per level.
                   A        B        C        D        E       F      G
               +--------+--------+--------+--------+--------+-----+--------+
         Total |    583 |    532 |     51 |      0 |    389 |   2 |  291.5 |
       Dungeon |    583 |    532 |     51 |      0 |    389 |   2 |  291.5 |
               +--------+--------+--------+--------+--------+-----+--------+

Top non-repeatable levels by time:
     D:1: 501 daAuts
     D:2: 81 daAuts
